 Dungeon Crawl Stone Soup version 0.31-a0-799-g6bc09d010c (webtiles) character file.

Game seed: 8585542554636067635

33 pokeman the Magician (level 3, -1/20 HPs)
             Began as a Deep Elf Hedge Wizard on Sept 19, 2023.
             Slain by a quokka (3 damage)
             ... on level 3 of the Dungeon.
             The game lasted 00:03:28 (2355 turns).

pokeman the Magician (Deep Elf Hedge Wizard)        Turns: 2355, Time: 00:03:29

Health: -1/20      AC:  2    Str:  7    XL:     3   Next: 12%
Magic:  4/11       EV: 12    Int: 20    God:
Gold:   114        SH:  0    Dex: 14    Spells: 3/12 levels left

rFire   . . .        a - +0 dagger
rCold   . . .        (no shield)
rNeg    . . .        b - +0 robe
rPois   .            c - +0 hat
rElec   .            (no cloak)
rCorr   .            (no gloves)
SInv    .            (no boots)
Will    .....        (no amulet)
Stlth   +            (no ring)
HPRegen 0.23/turn    (no ring)
MPRegen 0.12/turn

%: no passive effects
@: confused
A: no striking features
a: no special abilities


You were on level 3 of the Dungeon.
You visited 1 branch of the dungeon, and saw 3 of its levels.

You collected 114 gold pieces.

Inventory:

Hand Weapons
 a - a +0 dagger (weapon)
Missiles
 j - 2 poisoned darts
Armour
 b - a +0 robe (worn)
 c - a +0 hat (worn)
Scrolls
 e - 2 scrolls of identify {unknown}
 h - 3 scrolls of teleportation {unknown}
Potions
 d - a potion of magic
 f - 2 potions of enlightenment {unknown}
 g - a potion of degeneration {unknown}
 i - a potion of attraction {unknown}
 k - a potion of lignification {unknown}


   Skills:
 + Level 0.7 Fighting
 + Level 0.8 Armour
 - Level 2.4 Dodging
 - Level 2.4 Stealth
 * Level 5.1 Spellcasting
 + Level 1.8 Conjurations
 - Level 1.1 Summonings
 - Level 1.1 Translocations


You had 3 spell levels left.
You knew the following spells:

 Your Spells              Type           Power      Damage    Failure   Level
a - Magic Dart            Conj           48%        1d5       5%          1
b - Mephitic Cloud        Conj/Pois/Air  7%         N/A       26%         3
c - Call Imp              Summ           18%        N/A       11%         2
d - Blink                 Tloc           18%        N/A       11%         2
e - Apportation           Tloc           18%        N/A       8%          1

Your spell library contained the following spells:

 Spells                   Type           Power      Damage    Failure   Level
 Summon Small Mammal      Summ           36%        N/A       8%          1
 Necrotise                Necr           20%        1d5       12%         1
 Slow                     Hex            20%        N/A       12%         1
 Cigotuvi's Dreadful Rot  Necr/Pois/Air  10%        N/A       17%         2


Dungeon Overview and Level Annotations

Branches:
Dungeon (3/15)

Altars:
Xom

Shops:
D:1 !

Annotations:
D:3 Sigmund


Message History

The giant cockroach bites you but does no damage.
Unknown command.
Unknown command.
You catch the helpless giant cockroach completely off-guard!
You hit the giant cockroach.
You kill the giant cockroach!
A quokka comes into view.
Found a ring mail.
Found a stone staircase leading down and a stone staircase leading up.
The quokka barely misses you. Sigmund hits you with a +0 scythe!
* * * LOW HITPOINT WARNING * * *
Unknown command.
The quokka attacks as it pursues you! The quokka closely misses you.
You see here a giant cockroach corpse.
Casting: Mephitic Cloud (extremely dangerous; 26% risk of failure)
Confirm with . or Enter, or press ? or * to list all spells.
Aiming: Mephitic Cloud (extremely dangerous; 26% risk of failure)
Press: ? - help, Shift-Dir - straight line, f - Sigmund
Aim: Sigmund, wielding a +0 scythe, wearing a +0 robe and carrying a wand of polymorph (severely wounded, confused, chance to affect: 86%)
The ball explodes into a vile cloud!
The stinking cloud engulfs the quokka but does no damage.
The stinking cloud engulfs Sigmund but does no damage.
Sigmund is severely wounded.
The stinking cloud engulfs you but does no damage.
You are engulfed in noxious fumes.
You choke on the stench!
You are confused.
The quokka is engulfed in noxious fumes.
The quokka appears confused.
The quokka misses you.
Sigmund is engulfed in noxious fumes.
Sigmund appears confused.
Unknown command.
You're too confused to move!
You are engulfed in noxious fumes.
You choke on the stench!
You are more confused.
The quokka is engulfed in noxious fumes.
The quokka appears confused.
The quokka bites you.
* * * LOW HITPOINT WARNING * * *
Sigmund is engulfed in noxious fumes.
Sigmund appears confused.
The quokka is engulfed in noxious fumes.
The quokka appears confused.
The quokka bites you.
You die...

..# #.# #.#
####.# #...<##
####.#...##
#.........###
#.##.......$#
#☼@......#
#r°......#
......°@.........
....>###.......##
<[.# ##.##.### ..
.. .# ### #


You could see Sigmund (confused) and a quokka (confused).

Vanquished Creatures
  A dart slug (D:2)
  4 ball pythons (D:1)
  3 endoplasms
  3 giant cockroaches
  A goblin (D:1)
  5 hobgoblins
  3 quokkas
  2 frilled lizards (D:1)
  3 kobolds (D:1)
  3 rats
28 creatures vanquished.

Notes
Turn   | Place    | Note
-------+----------+-------------------------------------------
     0 | D:1      | pokeman the Deep Elf Hedge Wizard began the quest for the
                  | Orb.
     0 | D:1      | Reached XP level 1. HP: 10/10 MP: 7/7
   247 | D:1      | Found Xeamic's Distillery.
   415 | D:1      | Reached XP level 2. HP: 16/16 MP: 5/9
  1069 | D:2      | Found a shimmering altar of Xom.
  1332 | D:2      | Reached skill level 5 in Spellcasting
  1555 | D:2      | Reached XP level 3. HP: 20/20 MP: 3/11
  1559 | D:2      | Learned a level 3 spell: Mephitic Cloud
  1562 | D:2      | Learned a level 2 spell: Call Imp
  1565 | D:2      | Learned a level 2 spell: Blink
  2182 | D:2      | Learned a level 1 spell: Apportation
  2335 | D:3      | Noticed Sigmund
  2355 | D:3      | Slain by a quokka

Illustrated notes

Levels and vault maps discovered:
D:1:      dpeg_arrival_tiny_a, layout_basic, serial_shops,
          nicolae_shop_tiny_glass, minmay_misc_feat_room
D:2:      layout_loops_ring, basic_altar, corexii_item_surrounded_by_moat,
          st_stairs_3, minmay_misc_feat_hallway
D:3:      layout_loops_corners, dreamdust_divine_triumvirate,
          mainiacjoe_overflow_small_starburst, grunt_gozag_breadcrumbs,
          mainiacjoe_overflow_chevrons, nicolae_uskayaw_suspiria,
          gammafunk_ghost_necromancy, minmay_cupped, uniq_grinder, uniq_natasha,
          uniq_sigmund

Skill      XL: |  1  2 |
---------------+-------+-----
Spellcasting   | 5 |  5.1
Fighting       | |  0.7
Armour         | |  0.8
Dodging        | |  2.4
Stealth        | |  2.4
Conjurations   | |  1.8
Summonings     | |  1.1
Translocations | |  1.1

Action                     || total
---------------------------++-------
  Melee: Dagger            ||     8
   Cast: Magic Dart        ||    76
         Blink             ||    10
         Mephitic Cloud    ||     3
         Apportation       ||     1
   Stab: Confused          ||     2
 Armour: Robe              ||    10
  Dodge: Dodged            ||    18

Table legend: (Time is in decaauts)
 A = Elapsed time spent in this place.
 B = Non-inter-level travel time spent in this place.
 C = Inter-level travel time spent in this place.
 D = Time resting spent in this place.
 E = Time spent auto-exploring this place.
 F = Levels seen in this place.
 G = Mean time per level.
                   A        B        C        D        E       F      G
               +--------+--------+--------+--------+--------+-----+--------+
         Total |   2355 |   1969 |    386 |     79 |   1578 |   3 |  785.0 |
       Dungeon |   2355 |   1969 |    386 |     79 |   1578 |   3 |  785.0 |
               +--------+--------+--------+--------+--------+-----+--------+

Top non-repeatable levels by time:
     D:2: 1278 daAuts
     D:1: 1057 daAuts
     D:3: 19 daAuts
